 Dungeon Crawl Stone Soup version 0.28-a0-697-g47f3eba078 (webtiles) character file.

Game seed: 11477598702109146597

415 siradein the Chiller (level 6, 0/41 HPs)
             Began as a Demonspawn Ice Elementalist on Oct 23, 2021.
             Slain by a water moccasin zombie (5 damage)
             ... in an ossuary.
             The game lasted 00:11:35 (4776 turns).

siradein the Chiller (Demonspawn Ice Elementalist)  Turns: 4776, Time: 00:11:36

Health: 0/41       AC: 11    Str:  5 (8)  XL:     6   Next: 60%
Magic:  4/12       EV: 13    Int: 16 (18) God:
Gold:   109        SH:  0    Dex: 12 (14) Spells: 6/13 levels left

rFire   . . .      SeeInvis .   g - +0 rapier
rCold   + . .      Faith    .   (no shield)
rNeg    . . .      Spirit   .   a - +0 robe
rPois   .          Reflect  .   k - +0 helmet
rElec   .          Harm     .   (no cloak)
rCorr   .          Rampage  .   (no gloves)
Will    .....                   (no boots)
Stlth   ++........              u - amulet of the acrobat
HPRegen 0.13/turn               h - ring of protection from cold
MPRegen 0.13/turn               (no ring)

@: ice-armoured, flying
A: claws 2, slimy green scales 1, powered by pain 1
a: no special abilities


You were in an ossuary.
You visited 1 branch of the dungeon, and saw 5 of its levels.
You also visited: Ossuary.

You collected 109 gold pieces.

Inventory:

Hand Weapons
 g - a +0 rapier (weapon)
Missiles
 q - 18 poisoned darts
Armour
 a - a +0 robe (worn)
 k - a +0 helmet (worn)
Jewellery
 h - a ring of protection from cold (left claw)
 u - an amulet of the acrobat (around neck)
 v - an amulet of faith
Wands
 t - a wand of polymorph (4)
Scrolls
 f - 2 scrolls of fear
 i - a scroll of teleportation
 m - a scroll of acquirement
 p - 2 scrolls of amnesia
 r - a scroll of blinking
 s - a scroll of magic mapping {unknown}
Potions
 c - 2 potions of degeneration
 e - 5 potions of curing {unknown}
 l - a potion of flight
 w - a potion of might {unknown}


   Skills:
 + Level 4.0 Dodging
 - Level 1.7 Stealth
 + Level 4.0 Spellcasting
 + Level 5.1 Ice Magic


You had 6 spell levels left.
You knew the following spells:

 Your Spells              Type           Power      Damage    Failure   Level
a - Freeze                Ice            76%        1d9       1%          1
b - Frozen Ramparts       Ice            38%        1d5       6%          3
c - Ozocubu's Armour      Ice            19%        N/A       6%          3

Your spell library contained the following spells:

 Spells                   Type           Power      Damage    Failure   Level
 Hailstorm                Conj/Ice       11%        3d5       50%         4
 Dispersal                Tloc           1%         N/A       100%        6
 Disjunction              Tloc           1%         N/A       100%        8


Dungeon Overview and Level Annotations

Branches:
Dungeon (5/15)            Ossuary (1/1)
 Temple: D:4-7

Altars:
Uskayaw
Zin

Shops:
D:3 *


Innate Abilities, Weirdness & Mutations

You have very sharp fingernails.
You are partially covered in slimy green scales. (AC +2)
You sometimes gain a little power by taking damage.


Message History

The water moccasin zombie completely resists.
The wall freezes the water moccasin zombie but does no damage.
The water moccasin zombie bites you.
* * * LOW HITPOINT WARNING * * *
You hit the water moccasin zombie.
The water moccasin zombie is severely damaged.
The water moccasin zombie completely resists.
The wall freezes the water moccasin zombie but does no damage.
The water moccasin zombie bites you but does no damage.
You hit the water moccasin zombie.
The water moccasin zombie is severely damaged.
You feel yourself slow down.
The water moccasin zombie completely resists.
The wall freezes the water moccasin zombie but does no damage.
The water moccasin zombie bites you.
* * * LOW HITPOINT WARNING * * *
You hit the water moccasin zombie.
The water moccasin zombie is almost destroyed.
The water moccasin zombie completely resists.
The wall freezes the water moccasin zombie but does no damage.
The water moccasin zombie barely misses you.
The water moccasin zombie resists.
The wall freezes the water moccasin zombie.
The water moccasin zombie closely misses you.
You closely miss the water moccasin zombie.
The water moccasin zombie is almost destroyed.
The frozen ramparts melt away.
The water moccasin zombie barely misses you.
Your magical contamination has completely faded away.
You hit the water moccasin zombie.
The water moccasin zombie is almost destroyed.
The water moccasin zombie barely misses you.
The water moccasin zombie bites you but does no damage.
You hit the water moccasin zombie but do no damage.
The water moccasin zombie is almost destroyed.
The water moccasin zombie closely misses you.
You barely miss the water moccasin zombie.
The water moccasin zombie is almost destroyed.
The water moccasin zombie bites you.
You die...

#####################
∩..'...#....#...#...#
...#...#....#...#...#
...#...'....'..Z@...#
##'###############'##
.ZZ# #...# ...# #...#
...# #...# ...# #...#
##+# #'### #...#
#...#


You could see a water moccasin zombie.

Vanquished Creatures
  An ogre (D:4)
  2 water moccasin zombies (Ossuary)
  A water moccasin skeleton (D:5)
  An orc wizard (D:3)
  Natasha (D:2)
  4 adders
  5 adder zombies (Ossuary)
  A worm (D:3)
  2 dart slugs
  8 orcs
  5 endoplasms
  8 giant cockroaches
  3 gnoll zombies (Ossuary)
  4 goblins
  3 hobgoblins
  A quokka (D:4)
  3 ball pythons
  3 bats
  3 hobgoblin zombies (Ossuary)
  2 kobolds
  9 kobold zombies (Ossuary)
  An orc zombie (Ossuary)
  7 rats
78 creatures vanquished.

Notes
Turn   | Place    | Note
-------+----------+-------------------------------------------
     0 | D:1      | siradein the Demonspawn Ice Elementalist began the quest
                  | for the Orb.
     0 | D:1      | Reached XP level 1. HP: 13/13 MP: 3/3
   359 | D:1      | Gained mutation: You have sharp fingernails. [demonic
                  | ancestry]
   359 | D:1      | Reached XP level 2. HP: 15/19 MP: 5/5
  1495 | D:2      | Noticed Natasha
  1502 | D:2      | Killed Natasha
  1503 | D:2      | Reached skill level 4 in Ice Magic
  1503 | D:2      | Gained mutation: You sometimes gain a little power by
                  | taking damage. [demonic ancestry]
  1503 | D:2      | Reached XP level 3. HP: 21/24 MP: 4/7
  1594 | D:2      | Found a faded altar of an unknown god.
  2119 | D:3      | Gained mutation: You have very sharp fingernails. [demonic
                  | ancestry]
  2119 | D:3      | Reached XP level 4. HP: 28/30 MP: 2/8
  2123 | D:3      | Learned a level 3 spell: Frozen Ramparts
  2127 | D:3      | Learned a level 3 spell: Ozocubu's Armour
  2739 | D:3      | Found a hide-covered altar of Uskayaw.
  3031 | D:3      | Found Zin's Purification Station.
  3340 | D:4      | Gained mutation: You are partially covered in slimy green
                  | scales. (AC +2) [demonic ancestry]
  3340 | D:4      | Reached XP level 5. HP: 22/35 MP: 4/9
  3475 | D:4      | Noticed an ogre
  3750 | D:4      | Killed an ogre
  4060 | D:5      | Entered Level 5 of the Dungeon
  4099 | D:5      | Identified a scroll of acquirement
  4119 | D:5      | Reached XP level 6. HP: 25/41 MP: 11/11
  4123 | D:5      | Found a sand-covered staircase.
  4134 | Ossuary  | Entered an ossuary
  4560 | Ossuary  | Reached skill level 5 in Ice Magic
  4776 | Ossuary  | Slain by a water moccasin zombie

Illustrated notes

Levels and vault maps discovered:
D:1:      evilmike_arrival_fibonacci_small, layout_rooms,
          minmay_misc_feat_cross, minmay_small_reverse_x
D:2:      layout_basic, shapermc_ecumenical_altar_mp_vishouse, uniq_natasha
D:3:      minmay_angry_zag, layout_basic, zin_purify,
          mainiacjoe_overflow_cross_hatched, glass_columns_b
D:4:      layout_gridville
D:5:      layout_cave_pods, nicolae_ossuary_entry_plus, uniq_prince_ribbit1
Ossuary:  ossuary_tomb_2

Skill      XL: |  1  2  3  4  5  6 |
---------------+-------------------+-----
Dodging        | 2 3 4 |  4.0
Ice Magic      | 4 5 |  5.1
Spellcasting   | 3 4 |  4.0
Stealth        | |  1.7

Action                   |  1- 3 |  4- 6 || total
-------------------------+-------+-------++-------
Melee: Dagger            |    58 |    36 ||    94
       Rapier            |     5 |   182 ||   187
 Cast: Freeze            |    20 |    31 ||    51
       Frozen Ramparts   |       |    11 ||    11
       Ozocubu's Armour  |       |     2 ||     2
  Use: Scroll            |       |     6 ||     6
       Potion            |       |     5 ||     5
 Stab: Sleeping          |     1 |       ||     1
       Distracted        |       |     1 ||     1
Armor: Robe              |    15 |    79 ||    94
Dodge: Dodged            |    42 |   211 ||   253

Table legend: (Time is in decaauts)
 A = Elapsed time spent in this place.
 B = Non-inter-level travel time spent in this place.
 C = Inter-level travel time spent in this place.
 D = Time resting spent in this place.
 E = Time spent auto-exploring this place.
 F = Levels seen in this place.
 G = Mean time per level.
                   A        B        C        D        E       F      G
               +--------+--------+--------+--------+--------+-----+--------+
         Total |   4802 |   4668 |    134 |    367 |   3478 |   6 |  800.3 |
       Dungeon |   4146 |   4012 |    134 |    367 |   3055 |   5 |  829.2 |
       Ossuary |    655 |    655 |      0 |      0 |    423 |   1 |  655.0 |
               +--------+--------+--------+--------+--------+-----+--------+

Top non-repeatable levels by time:
     D:1: 1123 daAuts
     D:3: 1022 daAuts
     D:2: 967 daAuts
     D:4: 957 daAuts
 Ossuary: 655 daAuts
     D:5: 75 daAuts
